Map: Golden Wall LE

Players

Massa - Winner!

  • Race: Terran Terran
  • League: Platinum
  • Spawn Location: 5:00

VOD

Have the link to the VOD?

Description

Time

  • Played on: Sept. 24, 2020, 2:50 p.m.
  • Length: 31:31
Show
View Real Time Build Order
Export as new Build Order

Massa Terran - Winner!

Build Orders:  

Get SALT Encoding   

  12  0:00  SCV  
  13  0:19  SCV  
  14  0:25  Supply Depot  
  14  0:36  SCV  
  15  0:55  SCV  
  15  0:57  Barracks  
  16  1:12  Refinery, SCV  
  17  1:32  Barracks  
  17  1:42  SCV  
  18  1:58  SCV  
  19  2:07  Marine  
  20  2:15  SCV  
  21  2:32  SCV  
  22  2:41  Command Center  
  22  2:42  Marine  
  22  2:47  Barracks Tech Lab  
  23  3:06  Orbital Command  
  23  3:20  Supply Depot  
  23  3:30  Concussive Shells  
  23  3:50  SCV, Marauder, Marine  
  27  4:15  Marine  
  28  4:20  Marauder  
  28  4:24  SCV  
  28  4:27  Orbital Command  
  31  4:40  Marine  
  31  4:41  SCV  
  33  4:50  Marauder  
  33  4:58  SCV  
  36  5:16  Stimpack  
  34  5:25  Bunker  
  32  5:31  Marauder, Marine  
  31  5:49  SCV  
  32  5:50  SCV  
  32  5:56  Marine  
  34  6:00  Barracks  
  34  6:01  Marauder  
  34  6:06  SCV, Factory  
  34  6:07  SCV  
  38  6:16  Supply Depot  
  38  6:21  Marine  
  38  6:23  SCV  
  38  6:24  SCV  
  41  6:31  Marauder  
  43  6:40  SCV  
  43  6:41  SCV  
  43  6:46  Marine  
  46  6:57  SCV x2  
  48  7:01  Marauder  
  48  7:03  Engineering Bay  
  48  7:09  Command Center  
  50  7:12  Armory  
  50  7:16  Engineering Bay  
  50  7:21  Refinery  
  50  7:28  Barracks  
  50  7:30  Barracks Reactor  
  50  7:32  Barracks Reactor  
  50  7:35  Factory Tech Lab  
  50  7:42  Refinery, SCV x2  
  50  7:43  Refinery  
  52  7:59  SCV x2  
  54  8:16  SCV  
  54  8:18  SCV  
  54  8:20  Marauder  
  44  8:45  Marine  
  44  8:46  Marine x3  
  46  9:07  Siege Tank  
  49  9:10  Marine x2  
  49  9:11  Marine x2  
  49  9:19  Supply Depot  
  53  9:35  Marine x2  
  53  9:36  Marine x2  
  57  9:45  Orbital Command  
  57  9:48  Terran Infantry Armor Level 1  
  57  9:49  Terran Infantry Weapons Level 1  
  57  9:50  Terran Vehicle Weapons Level 1  
  57  9:52  Siege Tank  
  57  9:59  Missile Turret  
  47  10:27  Missile Turret  
  42  10:30  Marine x2  
  42  10:31  Bunker  
  42  10:34  Marine x2  
  42  10:37  Siege Tank  
  48  10:55  Marine x2  
  48  10:57  Barracks Tech Lab  
  48  10:59  Marine x2  
  47  11:00  Missile Turret  
  37  11:24  Marine x2  
  37  11:34  SCV x2  
  37  11:35  SCV  
  37  11:36  Missile Turret  
  40  11:47  Marine x2  
  40  11:49  Marine x2  
  44  11:51  SCV x3  
  44  11:52  Marauder  
  49  12:06  Factory Tech Lab  
  49  12:08  SCV x3  
  52  12:12  Marine x2  
  52  12:14  Marine x2  
  56  12:22  Marauder  
  56  12:25  SCV x3  
  61  12:30  Terran Infantry Armor Level 2, Terran Infantry Weapons Level 2  
  61  12:32  Terran Vehicle And Ship Armor Level 1  
  61  12:37  Widow Mine, Marine x2  
  61  12:39  Marine x2  
  65  12:42  SCV x2  
  69  12:52  Marauder  
  69  12:59  Unknown  
  71  13:02  Marine x2  
  71  13:04  Marine x2  
  71  13:07  Widow Mine  
  75  13:11  Missile Turret  
  77  13:42  Missile Turret  
  77  13:43  Supply Depot  
  77  13:45  Supply Depot  
  77  13:46  Supply Depot  
  77  13:51  Orbital Command  
  77  14:09  Missile Turret  
  77  14:12  Supply Depot  
  77  14:13  SCV, Siege Tank, Marine x4, Supply Depot x2  
  77  14:15  SCV, Marauder  
  77  14:18  Supply Depot x2  
  88  14:24  Supply Depot  
  88  14:26  Starport  
  84  14:30  SCV  
  84  14:31  Barracks  
  84  14:32  SCV  
  84  14:38  Marine x4  
  90  14:45  Marauder  
  90  14:47  SCV, Supply Depot x2  
  90  14:49  SCV  
  94  14:52  Supply Depot  
  94  14:58  Siege Tank  
  94  15:04  SCV  
  94  15:05  SCV  
  96  15:15  Marauder  
  96  15:18  Siege Tank  
  98  15:22  SCV, Marine x2  
  98  15:23  Marine x2  
  103  15:40  Terran Infantry Weapons Level 3  
  103  15:42  Terran Infantry Armor Level 3  
  103  15:44  Marauder  
  103  15:47  Marine x3  
  103  15:48  Marine  
  103  15:49  SCV x2  
  111  16:12  Marine x2  
  111  16:14  Marauder  
  115  16:22  Terran Vehicle Weapons Level 2  
  115  16:24  Missile Turret  
  115  16:44  Marauder  
  117  16:51  Marine  
  117  16:52  Marine x4, Missile Turret  
  122  17:04  Siege Tank  
  125  17:14  Marauder  
  125  17:16  Marine  
  125  17:17  Marine x4  
  132  17:20  Missile Turret  
  132  17:27  Refinery  
  132  17:33  Refinery  
  132  17:37  Armory  
  132  17:39  Command Center  
  132  17:41  Marine  
  132  17:42  Marine x4  
  132  17:44  Marauder  
  132  17:45  Supply Depot  
  132  17:47  Supply Depot  
  132  17:49  Siege Tank  
  142  17:53  Missile Turret  
  142  17:59  Medivac  
  144  18:10  Starport  
  144  18:12  Marine x2  
  144  18:14  Marauder, Marine x2  
  144  18:18  Supply Depot  
  144  18:19  Barracks Tech Lab  
  150  18:21  Supply Depot  
  150  18:23  Missile Turret  
  150  18:34  Siege Tank  
  150  18:37  Marine x2  
  150  18:39  Marine  
  156  18:41  Medivac  
  156  18:44  Marauder  
  160  18:56  Refinery, Missile Turret  
  160  19:00  Marauder  
  160  19:01  Marine  
  160  19:04  Marine  
  160  19:07  Command Center  
  164  19:14  Marauder  
  164  19:15  Medivac  
  168  19:23  Medivac  
  168  19:26  SCV x3  
  173  19:30  Marauder  
  173  19:33  Orbital Command  
  173  19:34  Missile Turret  
  175  19:43  SCV x2  
  175  19:44  Marauder  
  179  19:54  Siege Tank  
  179  19:57  Medivac  
  179  19:58  Terran Vehicle And Ship Armor Level 2  
  179  19:59  Terran Vehicle Weapons Level 3  
  181  20:05  Medivac  
  183  20:10  Missile Turret  
  183  20:13  Unknown  
  182  20:23  Hi-Sec Auto Tracking  
  176  20:48  Command Center  
  174  21:23  Structure Armor  
  163  22:31  Siege Tank x5  
  161  23:40  Planetary Fortress  
  161  23:49  Terran Vehicle And Ship Armor Level 3  
  161  23:50  Terran Ship Weapons Level 1  
  161  23:53  Starport Reactor  
  161  23:54  Starport Tech Lab  
  161  24:07  Ghost Academy  
  161  24:08  Ghost Academy  
  161  24:09  Ghost Academy  
  161  24:10  Command Center  
  161  24:24  Refinery  
  161  25:19  Refinery  
  161  25:22  Refinery  
  161  25:29  Personal Cloaking  
  161  25:50  Planetary Fortress  
  161  25:57  Missile Turret  
  161  26:11  Cloaking Field  
  161  26:24  Missile Turret  
  161  26:33  Unknown  
  160  26:41  SCV  
  161  26:54  Ghost x2  
  161  26:58  SCV  
  166  27:07  Infernal Pre-Igniter  
  166  27:19  Unknown  
  166  27:34  Ghost x2  
  170  27:47  Missile Turret  
  170  28:00  SCV  
  170  28:14  Ghost x2  
  173  28:38  Siege Tank x2  
  173  28:53  Ghost  
  173  28:54  Ghost  
  173  28:56  Siege Tank x2  
  173  29:01  Siege Tank x2  
  173  30:16  Siege Tank x2  
  173  30:27  Unknown  
  173  30:51  Unknown  
Tags
 
League
Platinum
Matchup
Co-op
Replay Pack
Multiplayer
Add a new tag
Caveats
  • Supply blocks, unpowered buildings, or Contaminate may cause inaccurate times.
  • Supply counts are checked every 10 seconds.